 Dungeon Crawl Stone Soup version 0.19.0-24-gb05acd6 (webtiles) character file.

8923 kuniqs the Covert (level 11, -3/59 HPs)
             Began as a Vine Stalker Artificer on Nov 20, 2016.
             Slain by Rupert
             ... wielding a +1 great sword of holy wrath
              (29 damage)
             ... on level 12 of the Dungeon on Nov 21, 2016.
             The game lasted 00:37:16 (10766 turns).

kuniqs the Covert (Vine Stalker Artificer)         Turns: 10766, Time: 00:37:17

Health: -3/59      AC: 10    Str: 15    XL:     11   Next: 38%
Magic:  0/7        EV: 17    Int: 26    God:
Gold:   30         SH:  0    Dex: 22    Spells: 4 memorised, 2 levels left

rFire  + . .     SeeInvis .     R - +2 scimitar of the Eternal Warrior {antimagic, rC++ Dex+4}
rCold  + + +     Gourm    .     X - +1 ring mail of Eternity {-Tele rF+ Int+5} (curse)
rNeg   . . .     Faith    .     (no shield)
rPois  +         Spirit   +     (no helmet)
rElec  .         Reflect  .     (no cloak)
rCorr  .         Harm     .     U - +0 pair of gloves
MR     +....     NoTele   +     y - +2 pair of boots
Stlth  +++++.....               (no amulet)
                                Q - ring of the Magpie {*Tele rPois rC+ Int+10 Stlth+}
                                B - ring of magical power

@: hasted, very quick
A: fangs 3, regeneration 1, magic shield, antimagic bite, no device heal 3, rot
immunity
a: no special abilities


You were on level 12 of the Dungeon.
You were hungry.

You visited 2 branches of the dungeon, and saw 13 of its levels.
You visited 1 bazaar.
You also visited: Bailey.

You collected 427 gold pieces.
You spent 397 gold pieces at shops.

Inventory:

Hand Weapons
 j - a +2 short sword
 q - a +1 scimitar of electrocution
 R - the +2 scimitar of the Eternal Warrior (weapon) {antimagic, rC++ Dex+4}
   (You bought it in a shop in a bazaar)

   It reduces the magical energy of the wielder, and disrupts the spells and
   magical abilities of those hit.
   Natural abilities and divine invocations are not affected.
   It affects your dexterity (+4).
   It greatly protects you from cold.
Missiles
 u - 8 poisoned tomahawks (quivered)
 T - 2 throwing nets
Armour
 y - a +2 pair of boots (worn)
 U - a +0 pair of gloves (worn)
 X - the cursed +1 ring mail of Eternity (worn) {-Tele rF+ Int+5}
   (You bought it in a shop in a bazaar)

   It affects your intelligence (+5).
   It protects you from fire.
   It prevents most forms of teleportation.
   It has a curse placed upon it.
Rods
 P - a +3 rod of ignition (10/10)
   (You took it off an orc warrior on level 9 of the Dungeon)
Jewellery
 b - an uncursed ring of protection from cold
 B - a ring of magical power (left hand)
 Q - the ring of the Magpie (right hand) {*Tele rPois rC+ Int+10 Stlth+}
   (You took it off an orc warrior on level 9 of the Dungeon)

   [ring of teleportation]

   It may teleport you next to monsters.
   It affects your intelligence (+10).
   It protects you from cold.
   It protects you from poison.
   It makes you more stealthy.
Wands
 c - a wand of flame (0/48)
 p - a wand of random effects (6/48)
 v - a wand of enslavement (11/24)
 M - a wand of flame (26/48)
 N - a wand of confusion (25/48)
 O - a wand of lightning (0/15)
 W - a wand of acid (4/15)
Scrolls
 g - a scroll of fear {unknown}
 k - a scroll of enchant armour
 n - a scroll of noise {unknown}
 o - 2 scrolls of magic mapping
 r - 4 scrolls of teleportation
 s - 2 scrolls of immolation
 t - a scroll of recharging {unknown}
 w - 3 scrolls of enchant weapon
 D - a scroll of remove curse {@r2}
 H - a scroll of amnesia {unknown}
 I - 2 scrolls of fog {unknown}
 J - a scroll of blinking {unknown}
Potions
 a - a potion of cancellation
 h - 2 potions of agility
 i - a potion of lignification
 l - a potion of magic
 m - 2 potions of resistance
 x - 5 potions of curing {@q1}
 z - a potion of invisibility
 A - 2 potions of flight
 C - a potion of brilliance
Books
 F - a book of Battle

   Spells                             Type                      Level
   a - Infusion                       Charms                       1
   b - Shroud of Golubria             Charms/Translocation         2
   c - Song of Slaying                Charms                       2
   d - Spectral Weapon                Hexes/Charms                 3
   e - Regeneration                   Charms/Necromancy            3
Comestibles
 d - 8 bread rations
 e - 4 meat rations
 f - 35 fruits
 K - 2 slices of pizza


   Skills:
 + Level 7.7 Fighting
 - Level 8.6(8.7) Short Blades
 + Level 1.4(5.5) Long Blades
 + Level 1.0 Armour
 + Level 8.3 Dodging
 - Level 9.1 Stealth
 - Level 2.6 Evocations


You had 2 spell levels left.
You knew the following spells:

 Your Spells              Type           Power        Failure   Level  Hunger
a - Swiftness             Chrm/Air       #.......     38%         2    ###....
s - Shroud of Golubria    Chrm/Tloc      #.........   38%         2    ###....
x - Song of Slaying       Chrm           #.......     38%         2    ###....
z - Repel Missiles        Chrm/Air       #.....       38%         2    ###....


Dungeon Overview and Level Annotations

Branches:
Dungeon (12/15)            Temple (1/1) D:4
   Lair: D:8-11         Orc: D:9-12

Altars:
Ashenzari
Cheibriados
Dithmenos
Elyvilon
Fedhas
Gozag
Hepliaklqana
Kikubaaqudgha
Makhleb
Nemelex Xobeh
Okawaru
Qazlal
Ru
Sif Muna
Trog
Uskayaw
Vehumet
Xom
Yredelemnul
Zin
The Shining One

Annotations:
D:5 1 exclusion
D:7 4 runed doors, Pikel
D:12 Rupert


Innate Abilities, Weirdness & Mutations

You have razor-sharp teeth.
Your natural rate of healing is unusually fast.
When hurt, damage is shared between your health and your magic reserves.
Your bite disrupts and absorbs the magic of your enemies.
Potions and wands cannot restore your health.
You are immune to rotting.


Message History

You swing at nothing.
Rupert roars madly and goes into a rage!
Rupert goes berserk!
You swing at nothing.
You are engulfed in freezing vapours.
You resist. Rupert completely misses you.
You slash Rupert!
Rupert's magic leaks into the air.
You bite Rupert, but do no damage.
You are engulfed in freezing vapours.
You resist. Rupert barely misses you.
You slash Rupert!
Rupert's magic leaks into the air.
You bite Rupert.
Rupert's magic leaks into the air.
You drain his magic.
You feel invigorated.
You are engulfed in freezing vapours.
You resist. Rupert barely misses you.
Rupert hits you with a great sword of holy wrath!
You are engulfed in freezing vapours.
You resist.
Rupert rages.
You cannot teleport because you are wearing the cursed +1 ring mail of Eternity {-Tele rF+ Int+5}.
Unknown command.
You feel yourself speed up.
You are engulfed in freezing vapours.
You resist.
Rupert is engulfed in freezing vapours.
Rupert hits you with a great sword of holy wrath!!
You die...

##.........####...#.#
##.......## ##.##.####
##.....## #.......#
##...## #.......# ##'##
#.......#
#.#########§......#
#......).†..§.§...# ##
##..#######§@§≈.§..# .#
##>..## #.@§§§.§§#
.###.....######§§§§§§###
.................§§§##
.#####..#######..§§§# .#
##.........#§#§# .#
###########.#.# ## #.#.#
#...# #####


You could see Rupert (berserk).

Vanquished Creatures
  A hill giant (D:8)
  A gargoyle (D:9)
  An efreet (D:9)
  2 trolls
  3 two-headed ogres
  2 wyverns
  8 yaks
  A basilisk (D:9)
  2 hungry ghosts
  2 soldier ants
  A soldier ant (shapeshifter) (D:8)
  A sky beast (D:10)
  7 orc warriors
  A hornet zombie (D:9)
  2 ice beasts
  An eye of draining (D:9)
  5 ogres
  A necrophage (D:10)
  3 centaurs
  3 crocodiles
  3 big kobolds
  4 bullfrogs
  A scorpion (D:6)
  5 wights (D:5)
  6 crimson imps
  A howler monkey (D:9)
  A centaur zombie (D:10)
  2 bullfrog zombies
  A quasit (D:9)
  7 hounds
  2 jellies
  A bullfrog skeleton (D:4)
  8 orc priests
  2 iguanas
  8 orc wizards
  6 worker ants
  A hound skeleton (D:10)
  A howler monkey zombie (D:10)
  A worker ant zombie (D:10)
  A howler monkey skeleton (D:10)
  5 adders
  3 gnolls
  2 oozes
  2 adder zombies
  3 worms
  A dart slug (D:3)
  7 leopard geckos
  40 orcs
  6 giant cockroaches
  12 goblins
  4 hobgoblins
  10 jackals
  18 kobolds
  3 quokkas
  12 bats
  8 frilled lizards
  A leopard gecko skeleton (D:8)
  6 rats
253 creatures vanquished.

Vanquished Creatures (collateral kills)
  A gnoll (Bailey)
1 creature vanquished.

Vanquished Creatures (others)
  An ugly thing (D:12)
  3 vampire mosquitoes (D:12)
  2 centaurs (D:10)
  A hound (D:12)
  2 gnolls (D:2)
  3 plants (D:9)
12 creatures vanquished.

Grand Total: 266 creatures vanquished

Notes
Turn   | Place    | Note
-------+----------+-------------------------------------------
     0 | D:1      | kuniqs the Vine Stalker Artificer began the quest for the Orb.
     0 | D:1      | Reached XP level 1. HP: 9/9 MP: 3/3
    41 | D:1      | Reached skill level 1 in Short Blades
   113 | D:1      | Reached skill level 1 in Fighting
   132 | D:1      | Reached XP level 2. HP: 14/14 MP: 5/5
   679 | D:1      | Reached XP level 3. HP: 15/18 MP: 6/6
  1548 | D:2      | Reached skill level 2 in Stealth
  1777 | D:2      | Gained mutation: Your natural rate of healing is unusually fast. [Vine Stalker growth]
  1777 | D:2      | Reached XP level 4. HP: 23/23 MP: 7/7
  3034 | D:3      | Reached XP level 5. HP: 10/27 MP: 3/8
  3226 | D:3      | Reached skill level 3 in Stealth
  3333 | D:4      | Found a staircase to the Ecumenical Temple.
  3339 | Temple   | Entered the Ecumenical Temple
  3459 | D:4      | Noticed an ogre
  3467 | D:4      | Killed an ogre
  3467 | D:4      | Reached XP level 6. HP: 25/32 MP: 6/9
  3514 | D:5      | Entered Level 5 of the Dungeon
  3568 | D:4      | Noticed an orc warrior
  4053 | D:5      | Reached XP level 7. HP: 33/35 MP: 10/10
  4194 | D:6      | Learned a level 2 spell: Repel Missiles
  4197 | D:6      | Learned a level 2 spell: Swiftness
  4215 | D:8      | Noticed a hungry ghost
  4220 | D:7      | You fall through a shaft for 3 floors!
  4220 | D:10     | Entered Level 10 of the Dungeon
  4248 | D:10     | Found a shimmering altar of Xom.
  4384 | D:10     | Noticed a hungry ghost
  4388 | D:10     | Noticed a yak
  4388 | D:10     | Noticed a yak
  4388 | D:10     | Noticed a yak
  4388 | D:10     | Noticed a yak
  4418 | D:10     | Killed a yak
  4418 | D:10     | Reached skill level 5 in Short Blades
  4418 | D:10     | Gained mutation: You have razor-sharp teeth. [Vine Stalker growth]
  4418 | D:10     | Reached XP level 8. HP: 23/39 MP: 11/11
  4553 | D:10     | Reached skill level 5 in Dodging
  4731 | D:9      | Noticed a wyvern
  4747 | D:9      | Noticed a gargoyle
  4799 | D:9      | Noticed a hill giant
  4881 | D:10     | Noticed a troll
  4916 | D:10     | Noticed a yak
  4974 | D:10     | Noticed a yak
  4975 | D:10     | Noticed a yak
  4985 | D:10     | Noticed a yak
  4995 | D:9      | Found a basalt altar of Yredelemnul.
  4995 | D:9      | Found a radiant altar of Vehumet.
  4995 | D:9      | Found a white marble altar of Elyvilon.
  4995 | D:9      | Found a shattered altar of Ashenzari.
  5051 | D:9      | Noticed a yak
  5094 | D:9      | Found a flagged portal.
  5111 | Bailey   | Entered a bailey
  5144 | Bailey   | Reached XP level 9. HP: 20/43 MP: 12/12
  5169 | Bailey   | Noticed Vajrapani's ghost (novice MiCK)
  5288 | D:7      | Found a huge runed gate.
  5289 | D:7      | Found a huge runed gate.
  5289 | D:7      | Found a huge runed gate.
  5290 | D:7      | Noticed a polar bear
  5290 | D:7      | Noticed a polar bear
  5362 | D:7      | Noticed a polar bear
  5381 | D:7      | Noticed a polar bear
  5381 | D:7      | Found a huge runed gate.
  5381 | D:7      | Noticed a polar bear
  5382 | D:7      | Noticed Pikel
  5540 | D:7      | Noticed a death yak
  5540 | D:7      | Noticed a polar bear
  6565 | D:6      | Learned a level 2 spell: Song of Slaying
  6568 | D:6      | Learned a level 2 spell: Shroud of Golubria
  7845 | D:8      | Noticed a two-headed ogre
  7856 | D:8      | Killed a two-headed ogre
  7856 | D:8      | Reached skill level 4 in Stealth
  7856 | D:8      | Reached XP level 10. HP: 46/49 MP: 13/13
  7995 | D:8      | Reached skill level 5 in Stealth
  8445 | D:8      | Reached skill level 6 in Stealth
  8531 | D:7      | Reached skill level 5 in Fighting
  8688 | D:9      | Found a glowing silver altar of Zin.
  8820 | D:8      | Killed a hill giant
  8820 | D:8      | Reached skill level 7 in Stealth
  8886 | D:9      | Got a fine tin ring
  8889 | D:9      | Identified the ring of the Magpie {*Tele rPois rC+ Int+10 Stlth+} (You took it off an orc warrior on level 9 of the Dungeon)
  8951 | D:9      | Reached skill level 8 in Stealth
  9015 | D:9      | Got a twitching lapis lazuli ring
  9019 | D:9      | Identified the ring "Fyetenoi" {*Tele Int+2 Dex+3} (You took it off an orc on level 9 of the Dungeon)
  9020 | D:9      | NO
  9098 | D:9      | Killed a gargoyle
  9447 | D:10     | Reached skill level 9 in Stealth
  9482 | D:10     | Got a shimmering ring mail
  9537 | D:10     | Identified the +2 ring mail of Darkness {Dex+2} (You found it on level 10 of the Dungeon)
  9903 | D:10     | Reached XP level 11. HP: 56/58 MP: 14/14
 10469 | D:12     | Reached skill level 1 in Long Blades
 10509 | D:12     | Noticed a purple ugly thing
 10535 | D:12     | Noticed Rupert
 10543 | D:12     | Found a flickering gateway to a bazaar.
 10553 | Bazaar   | Entered a bazaar
 10553 | Bazaar   | Found Usepu's Distillery.
 10553 | Bazaar   | Found Quofag's Antique Weapon Shoppe.
 10553 | Bazaar   | Found Zaramikkix's Distillery.
 10554 | Bazaar   | Found Turiely's General Store.
 10554 | Bazaar   | Found Loeciojo's General Store.
 10575 | Bazaar   | Bought the cursed +1 ring mail of Eternity {-Tele rF+ Int+5} for 224 gold pieces
 10591 | Bazaar   | Identified a +3 rod of ignition (10/10) (You took it off an orc warrior on level 9 of the Dungeon)
 10600 | Bazaar   | Bought an ancient scimitar for 162 gold pieces
 10600 | Bazaar   | Identified the +2 scimitar of the Eternal Warrior {antimagic, rC++ Dex+4} (You bought it in a shop in a bazaar)
 10605 | Bazaar   | Bought a potion of degeneration for 11 gold pieces
 10656 | D:12     | Killed a purple ugly thing
 10656 | D:12     | Reached skill level 1 in Armour
 10759 | D:12     | Paralysed by Rupert for 2 turns
 10766 | D:12     | Slain by Rupert

Skill      XL: |  1  2  3  4  5  6  7  8  9 10 11 |
---------------+----------------------------------+-----
Short Blades   | 1 2 3 5 6 8 |  8.6
Fighting       | 1 2 4 7 |  7.7
Dodging        | 2 3 4 6 7 8 |  8.3
Stealth        | 2 3 4 9 |  9.1
Long Blades    | 1 |  1.4
Armour         | 1 |  1.0
Evocations     | |  2.6

Action                   |  1- 3 |  4- 6 |  7- 9 | 10-12 || total
-------------------------+-------+-------+-------+-------++-------
Melee: Short sword       |   104 |   156 |   552 |   438 ||  1250
       Bite              |    17 |    37 |   203 |   191 ||   448
       Scimitar          |       |       |       |    40 ||    40
Throw: Tomahawk          |       |       |     6 |    12 ||    18
 Cast: Repel Missiles    |       |       |       |     1 ||     1
Evoke: Wand              |     5 |    17 |     6 |     8 ||    36
  Use: Scroll            |       |     7 |    11 |     5 ||    23
       Potion            |       |     1 |     2 |     2 ||     5
 Stab: Sleeping          |     1 |     6 |     5 |     9 ||    21
       Distracted        |     1 |       |     2 |     1 ||     4
       Confused          |       |       |     1 |     4 ||     5
  Eat: Chunk             |     3 |     6 |    10 |    12 ||    31
       Beef jerky        |       |       |     2 |       ||     2
       Pizza             |       |       |     3 |       ||     3
Armor: Leather armour    |    35 |    40 |    98 |    34 ||   207
       Ring mail         |       |       |       |     7 ||     7
       Robe              |       |       |       |     4 ||     4
       Troll leather arm |       |       |       |    11 ||    11
Dodge: Dodged            |    60 |    79 |   393 |   268 ||   800
       Deflected         |       |       |       |     1 ||     1
       Rpst.: Scimitar   |       |       |       |     7 ||     7
